 Dungeon Crawl Stone Soup version 0.32-a0-818-gb728d0252e (webtiles) character file.

Game seed: 6811527212365132225

63 wildpjah the Charlatan (level 3, -6/29 HPs)
             Began as a Mountain Dwarf Artificer on Mar 25, 2024.
             Mangled by a gnoll
             ... wielding a +2 whip of electrocution
              (7 damage)
             ... on level 3 of the Dungeon.
             The game lasted 00:04:16 (2007 turns).

wildpjah the Charlatan (Mountain Dwarf Artificer)   Turns: 2007, Time: 00:04:17

Health: -6/29      AC:  9    Str: 16    XL:     3   Next: 87%
Magic:  3/3        EV: -3    Int: 11    God:
Gold:   133        SH:  0    Dex: 10    Spells: 2/2 levels left

rFire   . . .        p - +0 quarterstaff
rCold   . . .        (shield currently unavailable)
rNeg    . . .        g - +0 chain mail
rPois   .            (no helmet)
rElec   .            (no cloak)
rCorr   .            (no gloves)
SInv    .            (no boots)
Will    .....        (no amulet) Stlth
                     (no ring)
HPRegen 0.24/turn    (no ring)
MPRegen 0.08/turn

%: no passive effects
@: constricted
A: runic magic, artefact enchanting
a: no special abilities


You were on level 3 of the Dungeon.
You visited 1 branch of the dungeon, and saw 3 of its levels.

You collected 133 gold pieces.

Inventory:

Hand Weapons
 a - a +0 club
 p - a +0 quarterstaff (weapon)
Missiles
 l - 4 poisoned darts
Armour
 b - a +0 leather armour
 g - a +0 chain mail (worn)
 i - a +0 helmet
Wands
 c - a wand of flame (9) (quivered)
 d - a wand of charming (15)
 e - a wand of iceblast (5)
Scrolls
 f - 2 scrolls of teleportation {unknown}
 j - a scroll of identify {unknown}
 n - a scroll of fear {unknown}
 q - a scroll of silence {unknown}
 s - a scroll of noise {unknown}
 u - 2 scrolls of immolation {unknown}
Potions
 h - a potion of enlightenment {unknown}
 k - a potion of degeneration {unknown}
 m - 2 potions of curing {unknown}
 o - 2 potions of cancellation {unknown}
 r - a potion of berserk rage {unknown}
 t - a potion of mutation {unknown}


   Skills:
 + Level 1.9 Fighting
 - Level 0.4(1.2) Maces & Flails
 * Level 1.6(1.7) Staves
 + Level 3.0 Armour
 + Level 0.7 Dodging
 + Level 0.9 Stealth
 + Level 3.9 Evocations


You had 2 spell levels left.
You didn't know any spells.
Your spell library contained the following spells:

 Spells                   Type           Power      Damage    Failure   Level
 Apportation              Tloc           0%         N/A       54%         1
 Necrotise                Necr           0%         1d4       54%         1
 Sting                    Conj/Alch      0%         1d3       54%         1
 Summon Small Mammal      Summ           0%         N/A       54%         1
 Passwall                 Erth           0%         N/A       89%         3
 Volatile Blastmotes      Fire/Tloc      0%         2d10      89%         3
 Bombard                  Conj/Erth      0%         9d1       100%        6


Dungeon Overview and Level Annotations

Branches:
Dungeon (3/15)

Altars:


Innate Abilities, Weirdness & Mutations

Your spellcasting is much less encumbered by armour.
You can use scrolls of enchantment on lesser artefacts.


Message History

The kobold shouts!
The gnoll shouts! x2; The ball python hisses angrily.
There is a stone staircase leading up here.
The bat barely misses you. The bat hits you but does no damage.
You hit the bat but do no damage. The bat hits you but does no damage.
The bat closely misses you. The bat completely misses you.
The ball python bites you but does no damage.
The ball python grabs you.
You stop ascending the stairs.
The ball python constricts you. The gnoll hits you with a +0 whip.
The ball python bites you but does no damage.
The ball python constricts you.
Unknown command.
You barely miss the ball python. The bat hits you but does no damage. x2
The bat hits you.
The ball python bites you but does no damage.
The ball python constricts you. The gnoll hits you with a +0 whip. x2
You closely miss the ball python. The bat hits you but does no damage. x3
The ball python bites you but does no damage.
The ball python constricts you. The bat hits you but does no damage.
The gnoll hits you but does no damage. x2; The gnoll hits you with a +0 whip.
You barely miss the ball python. The bat hits you but does no damage. x2
The ball python bites you. The ball python constricts you.
The gnoll hits you but does no damage. x2; The gnoll hits you with a +0 whip!
* * * LOW HITPOINT WARNING * * *
The ball python bites you but does no damage.
The ball python constricts you.
* * * LOW HITPOINT WARNING * * *
The ball python's grasp on you weakens, but your attempt to escape fails.
The gnoll hits you but does no damage. x2; The gnoll hits you with a +0 whip.
* * * LOW HITPOINT WARNING * * *
The gnoll hits you but does no damage.
The ball python bites you but does no damage.
The ball python constricts you.
The ball python's grasp on you weakens, but your attempt to escape fails.
The ball python completely misses you. The ball python constricts you.
The gnoll hits you with a +0 club.
* * * LOW HITPOINT WARNING * * *
The gnoll hits you but does no damage.
The gnoll hits you with a +2 whip of electrocution!
You die...

###########
#.........#
#.........#
#.........#
#.........#
#......K..#
#....bggg.#####
#....bg@.......
#.....S...#####
#.........#
#.........#
#.........#
###########


You could see 4 gnolls, 2 bats, a ball python and a kobold.

Vanquished Creatures
  5 dart slugs
  7 ball pythons
  2 bats
  2 endoplasms
  A giant cockroach (D:1)
  3 goblins
  3 hobgoblins
  4 jackals (D:2)
  3 quokkas (D:1)
  19 frilled lizards
  5 rats (D:2)
54 creatures vanquished.

Notes
Turn   | Place    | Note
-------+----------+-------------------------------------------
     0 | D:1      | wildpjah the Mountain Dwarf Artificer began the quest for
                  | the Orb.
     0 | D:1      | Reached XP level 1. HP: 16/16 MP: 1/1
   279 | D:1      | Reached XP level 2. HP: 13/23 MP: 2/2
  1185 | D:2      | Reached XP level 3. HP: 19/29 MP: 3/3
  1433 | D:2      | Reached skill level 1 in Staves
  1823 | D:2      | Found a faded altar of an unknown god.
  2007 | D:3      | HP: 1/29 [gnoll/+0 club (2)]
  2007 | D:3      | Mangled by a gnoll

Illustrated notes

Levels and vault maps discovered:
D:1:      tarquinn_simple_flora_water_d, layout_loops_cross, dk_noncrumbling_3
D:2:      layout_loops_ring, shapermc_ecumenical_altar_petra, minmay_lizard_king
D:3:      layout_basic, mainiacjoe_overflow_concentric_impassable

Skill      XL: |  1  2  3 |
---------------+----------+-----
Armour         | 3 |  3.0
Staves         | 1 |  1.6
Fighting       | |  1.9
Maces & Flails | |  0.4
Dodging        | |  0.7
Stealth        | |  0.9
Evocations     | |  3.9

Action                     || total
---------------------------++-------
  Melee: Club              ||    88
         Quarterstaff      ||    83
  Evoke: Wand              ||     6
 Armour: Chain mail        ||   206
         Leather armour    ||     4
  Dodge: Dodged            ||    61

Table legend: (Time is in decaauts)
 A = Elapsed time spent in this place.
 B = Non-inter-level travel time spent in this place.
 C = Inter-level travel time spent in this place.
 D = Time resting spent in this place.
 E = Time spent auto-exploring this place.
 F = Levels seen in this place.
 G = Mean time per level.
                   A        B        C        D        E       F      G
               +--------+--------+--------+--------+--------+-----+--------+
         Total |   2053 |   1856 |    197 |     51 |   1390 |   3 |  684.3 |
       Dungeon |   2053 |   1856 |    197 |     51 |   1390 |   3 |  684.3 |
               +--------+--------+--------+--------+--------+-----+--------+

Top non-repeatable levels by time:
     D:1: 1094 daAuts
     D:2: 950 daAuts
     D:3: 9 daAuts
